 Dungeon Crawl Stone Soup version 0.27-a0-1513-g2aaa0cc67b (webtiles) character file.

Game seed: 14898561275821012180

242 pokeman the Magician (level 5, -2/29 HPs)
             Began as a Deep Elf Hedge Wizard on July 9, 2021.
             Killed by divine providence
             ... invoked by an orc priest
              (16 damage)
             ... on level 3 of the Dungeon.
             The game lasted 00:07:05 (3260 turns).

pokeman the Magician (Deep Elf Hedge Wizard)        Turns: 3260, Time: 00:07:06

Health: -2/29      AC:  6    Str:  7    XL:     5   Next: 82%
Magic:  0/16       EV: 12    Int: 20    God:
Gold:   171        SH:  0    Dex: 14    Spells: 6/17 levels left

rFire    . . .     SeeInvis .   n - staff of air
rCold    . . .     Faith    .   (no shield)
rNeg     . . .     Spirit   .   j - +0 leather armour
rPois    .         Reflect  .   c - +0 hat
rElec    +         Harm     .   o - +2 cloak
rCorr    .         Rampage  .   (no gloves)
Will     .....                  (no boots)
Stlth    ++........             (no amulet)
HPRegen  0.09/turn              g - +4 ring of slaying
MPRegen  0.15/turn              k - ring of wizardry

@: very slightly contaminated
A: no striking features
a: no special abilities


You were on level 3 of the Dungeon.
You visited 1 branch of the dungeon, and saw 3 of its levels.

You collected 171 gold pieces.

Inventory:

Armour
 c - a +0 hat (worn)
 j - a +0 leather armour (worn)
 o - a +2 cloak (worn)
Magical Staves
 n - a staff of air (weapon)
Jewellery
 a - a ring of protection from fire
 e - a +4 ring of evasion
 g - a +4 ring of slaying (left hand)
 k - a ring of wizardry (right hand)
Scrolls
 d - 2 scrolls of identify {unknown}
 f - a scroll of holy word {unknown}
 i - 3 scrolls of teleportation {unknown}
 l - a scroll of silence {unknown}
 m - a scroll of enchant armour {unknown}
 p - 3 scrolls of fog {unknown}
Potions
 b - a potion of curing {unknown}
 h - a potion of lignification {unknown}
 q - a potion of heal wounds {unknown}


   Skills:
 - Level 1.0 Fighting
 - Level 1.0 Armour
 - Level 3.3 Dodging
 + Level 2.6 Stealth
 * Level 6.6 Spellcasting
 + Level 2.9 Conjurations
 - Level 1.1 Summonings
 - Level 1.1 Translocations
 - Level 1.0 Fire Magic
 - Level 1.0 Air Magic
 + Level 0.4 Poison Magic


You had 6 spell levels left.
You knew the following spells:

 Your Spells              Type           Power      Damage    Failure   Level
a - Magic Dart            Conj           72%        1d6       1%          1
b - Mephitic Cloud        Conj/Pois/Air  18%        N/A       10%         3
c - Call Imp              Summ           11%        N/A       6%          2
d - Blink                 Tloc           N/A        N/A       6%          2
e - Conjure Flame         Conj/Fire      14%        6-21      8%          3

Your spell library contained the following spells:

 Spells                   Type           Power      Damage    Failure   Level
 Slow                     Hex            6%         N/A       9%          2
 Confusing Touch          Hex            6%         N/A       17%         3
 Yara's Violent Unravell  Hex/Tmut       3%         3d4       82%         5


Dungeon Overview and Level Annotations

Branches:
Dungeon (3/15)

Altars:

Shops:
D:3 =


Message History

The orc priest is engulfed in blazing flames.
You kill the orc priest!
Unknown command.
Casting: Conjure Flame (quite dangerous; 8% risk of failure)
Confirm with . or Enter, or press ? or * to list all spells.
The spell is quite dangerous to cast (10% risk of failure)!
Continue anyway? [Y]es or [N]o only, please.
The spell is quite dangerous to cast (10% risk of failure)!
Continue anyway?
Aiming: Mephitic Cloud (quite dangerous; 10% risk of failure)
Press: ? - help, Shift-Dir - straight line, f - orc priest
Aim: an orc priest, wielding a +0 flail and wearing a +0 ring mail (chance to affect: 86%)
You feel a surge of power!
You miscast Mephitic Cloud.
Nothing appears to happen.
The orc barely misses you.
Unknown command.
Casting: Mephitic Cloud (quite dangerous; 10% risk of failure)
Confirm with . or Enter, or press ? or * to list all spells.
The spell is quite dangerous to cast (10% risk of failure)!
Continue anyway?
Aiming: Mephitic Cloud (quite dangerous; 10% risk of failure)
Press: ? - help, Shift-Dir - straight line, f/p - orc priest
Aim: an orc priest, wielding a +0 flail and wearing a +0 ring mail (chance to affect: 86%)
You feel a surge of power!
You miscast Mephitic Cloud.
Nothing appears to happen.
Unknown command.
The orc hits you with a +0 whip.
Casting: Mephitic Cloud (quite dangerous; 10% risk of failure)
Confirm with . or Enter, or press ? or * to list all spells.
You don't have enough magic to cast this spell.
Unknown command.
The orc hits you with a +0 whip.
The orc priest hits you but does no damage.
The orc hits you but does no damage.
The orc priest casts a cantrip, but nothing happens.
Casting: Mephitic Cloud (quite dangerous; 10% risk of failure)
Confirm with . or Enter, or press ? or * to list all spells.
A beastly little devil appears in a puff of flame.
The orc hits you with a +0 whip.
The orc priest invokes the aid of Beogh against you.
Beogh smites you!
Ouch! That really hurt!
You die...

.. #.####### #...○...###
####......# ### #......#
..# #......# †.####.#.
###o#### #........ #o#
#.####...#.# #@# #....#
#.#..####5### ##...#
#..#........#
....####..#..).....#####
......##..#............##
....#...................##
###.##...................#
###.##..).............∩..#
.........................#


You could see an orc priest, an orc (ally target) and a friendly crimson imp
(summoned).

Vanquished Creatures
  A sky beast (D:3)
  An orc priest (D:3)
  4 adders
  A worm (D:3)
  2 dart slugs (D:1)
  An orc (D:3)
  8 endoplasms
  9 goblins
  7 hobgoblins
  10 jackals (D:2)
  5 kobolds
  3 quokkas
  5 ball pythons
  6 bats
  2 frilled lizards (D:1)
  9 rats
74 creatures vanquished.

Notes
Turn   | Place    | Note
-------+----------+-------------------------------------------
     0 | D:1      | pokeman the Deep Elf Hedge Wizard began the quest for the
                  | Orb.
     0 | D:1      | Reached XP level 1. HP: 10/10 MP: 7/7
    10 | D:1      | Found a faded altar of an unknown god.
   228 | D:1      | Reached XP level 2. HP: 15/15 MP: 5/9
   582 | D:1      | Reached skill level 5 in Spellcasting
   711 | D:1      | Reached XP level 3. HP: 20/20 MP: 6/11
   718 | D:1      | Learned a level 3 spell: Mephitic Cloud
   721 | D:1      | Learned a level 2 spell: Call Imp
   724 | D:1      | Learned a level 2 spell: Blink
   728 | D:1      | Learned a level 3 spell: Conjure Flame
  1194 | D:2      | Reached skill level 1 in Fighting
  1319 | D:2      | Reached skill level 1 in Armour
  1902 | D:2      | Reached XP level 4. HP: 24/25 MP: 4/13
  2876 | D:3      | Reached skill level 1 in Fire Magic
  2884 | D:3      | Noticed a sky beast
  2942 | D:3      | Killed a sky beast
  2943 | D:3      | Reached skill level 6 in Spellcasting
  2943 | D:3      | Reached skill level 1 in Air Magic
  2943 | D:3      | Reached XP level 5. HP: 23/29 MP: 0/15
  3223 | D:3      | Found Iseduaw's Jewellery Emporium.
  3260 | D:3      | Killed from afar by an orc priest

Illustrated notes

Levels and vault maps discovered:
D:1:      wander_arrival_desolate, layout_rooms,
          chequers_ecumenical_altar_twisty, minmay_misc_feat_hallway
D:2:      layout_loops_corners
D:3:      layout_rooms, serial_shops, shop

Skill      XL: |  1  2  3  4 |
---------------+-------------+-----
Spellcasting   | 5 6 |  6.6
Fighting       | 1 |  1.0
Armour         | 1 |  1.0
Conjurations   | 2 |  2.9
Fire Magic     | 1 |  1.0
Dodging        | 3 |  3.3
Air Magic      | 1 |  1.0
Stealth        | |  2.6
Summonings     | |  1.1
Translocations | |  1.1
Poison Magic   | |  0.4

Action                   |  1- 3 |  4- 6 || total
-------------------------+-------+-------++-------
Melee: Dagger            |    17 |       ||    17
       Staff             |       |     3 ||     3
 Cast: Magic Dart        |   109 |    74 ||   183
       Conjure Flame     |       |     3 ||     3
       Mephitic Cloud    |       |     2 ||     2
       Call Imp          |       |     1 ||     1
 Stab: Sleeping          |     2 |       ||     2
       Confused          |       |     1 ||     1
Armor: Robe              |     2 |       ||     2
       Leather armour    |     4 |    10 ||    14
Dodge: Dodged            |    19 |    18 ||    37

Table legend: (Time is in decaauts)
 A = Elapsed time spent in this place.
 B = Non-inter-level travel time spent in this place.
 C = Inter-level travel time spent in this place.
 D = Time resting spent in this place.
 E = Time spent auto-exploring this place.
 F = Levels seen in this place.
 G = Mean time per level.
                   A        B        C        D        E       F      G
               +--------+--------+--------+--------+--------+-----+--------+
         Total |   3259 |   3166 |     93 |    270 |   2447 |   3 | 1086.3 |
       Dungeon |   3259 |   3166 |     93 |    270 |   2447 |   3 | 1086.3 |
               +--------+--------+--------+--------+--------+-----+--------+

Top non-repeatable levels by time:
     D:2: 1222 daAuts
     D:1: 1187 daAuts
     D:3: 849 daAuts
